 Dungeon Crawl Stone Soup version 0.29.1-4-g47bece8355 (webtiles) character file.

Game seed: 4109460273252106836

49 p00ps00p the Trooper (level 3, -2/33 HPs)
             Began as a Hill Orc Fighter on Dec 3, 2022.
             Slain by an ogre
             ... wielding a +0 giant spiked club
              (13 damage)
             ... on level 3 of the Dungeon.
             The game lasted 00:02:09 (1813 turns).

p00ps00p the Trooper (Hill Orc Fighter)             Turns: 1813, Time: 00:02:09

Health: -2/33      AC:  7    Str: 20    XL:     3   Next: 75%
Magic:  3/3        EV:  8    Int:  8    God:
Gold:   94         SH:  8    Dex: 10    Spells: 2/2 levels left

rFire   . . .      SeeInvis .   a - +0 war axe
rCold   . . .      Faith    .   j - +0 kite shield
rNeg    . . .      Spirit   .   b - +0 scale mail
rPois   .          Reflect  .   (no helmet)
rElec   .          Harm     .   (no cloak)
rCorr   .          Rampage  .   (no gloves)
Will    .....                   (no boots)
Stlth   ..........              (no amulet)
HPRegen 0.11/turn               (no ring)
MPRegen 0.08/turn               (no ring)

@: no status effects
A: no striking features
a: no special abilities


You were on level 3 of the Dungeon.
You visited 1 branch of the dungeon, and saw 3 of its levels.

You collected 94 gold pieces.

Inventory:

Hand Weapons
 a - a +0 war axe (weapon)
Armour
 b - a +0 scale mail (worn)
 c - a +0 buckler
 j - a +0 kite shield (worn)
Jewellery
 g - a ring of resist corrosion
 l - a ring of positive energy
Scrolls
 f - a scroll of poison
 h - 2 scrolls of immolation
 i - 2 scrolls of teleportation
 m - 2 scrolls of butterflies {unknown}
 n - a scroll of silence {unknown}
 o - a scroll of identify
 p - a scroll of vulnerability {unknown}
 q - a scroll of fear {unknown}
Potions
 d - a potion of might
 e - a potion of curing {unknown}
 k - a potion of haste {unknown}


   Skills:
 + Level 4.1 Fighting
 + Level 3.5 Axes
 + Level 3.7 Armour
 + Level 3.8 Shields


You had 2 spell levels left.
You didn't know any spells.
Your spell library was empty.

Dungeon Overview and Level Annotations

Branches:
Dungeon (3/15)

Altars:


Message History

No target in view!
No target in view!
No target in view!
No target in view!
No target in view!
No target in view!
No target in view!
No target in view!
No target in view!
No target in view!
Things that are here:
a +2 dagger of flaming; 2 stones
m - 2 scrolls labelled OZXAIH YCOS (gained 1)
q - a scroll labelled KUSTIPTIURE As you open the door, it creaks loudly!
An ogre, a kobold and an orc come into view.
The ogre shouts!
The kobold shouts!
The orc shouts!
You hear a shout!
An orc comes into view. It is wielding a +0 flail.
You hear a shout!
There are monsters nearby!
The orc shouts!
You hit the ogre.
The ogre is lightly wounded.
You hear a shout!
You block the ogre's attack.
An orc comes into view. It is wielding a +0 club.
You hear a shout!
You slash the ogre!
The ogre is severely wounded.
The ogre hits you with a +0 giant spiked club!!
Ouch! That really hurt!
You hear a shout!
You hit the ogre but do no damage.
The ogre is severely wounded.
You block the ogre's attack.
An orc comes into view. It is wielding a +0 short sword.
You hit the ogre but do no damage.
The ogre is severely wounded.
The ogre hits you with a +0 giant spiked club!
You die... #.......... #......... #........ ....... ..... oKo

#O# #@# #.###.#####..
#####............
#..######.#####..
##...####.# #.........#
#.....##..####
#.....##.....##........#
#.....##.....##........##


You could see an ogre, 2 orcs and a kobold.

Vanquished Creatures
  A worm (D:3)
  9 endoplasms
  2 goblins (D:1)
  2 hobgoblins
  6 kobolds
  A quokka (D:1)
  9 ball pythons
  4 bats
  3 frilled lizards
  9 rats
46 creatures vanquished.

Notes
Turn   | Place    | Note
-------+----------+-------------------------------------------
     0 | D:1      | p00ps00p the Hill Orc Fighter began the quest for the Orb.
     0 | D:1      | Reached XP level 1. HP: 19/19 MP: 1/1
   210 | D:1      | Reached XP level 2. HP: 27/27 MP: 2/2
   596 | D:1      | Reached skill level 4 in Fighting
   628 | D:1      | Reached XP level 3. HP: 33/33 MP: 3/3
  1809 | D:3      | Noticed an ogre
  1813 | D:3      | Slain by an ogre

Illustrated notes

Levels and vault maps discovered:
D:1:      co_arrival_two_rings, layout_loops_ring
D:2:      layout_loops_cross
D:3:      layout_basic, mainiacjoe_overflow_catwalk, serial_shops,
          nicolae_shop_overgrown_old_shop, uniq_crazy_yiuf_cottage,
          uniq_jessica, uniq_natasha, uniq_grinder

Skill      XL: |  1  2 |
---------------+-------+-----
Axes           | 3 |  3.5
Fighting       | 4 |  4.1
Armour         | |  3.7
Shields        | |  3.8

Action                   || total
-------------------------++-------
Melee: War axe           ||   106
  Use: Scroll            ||     3
Armor: Scale mail        ||    64
Dodge: Dodged            ||    55
Block: Buckler           ||     8
       Kite shield       ||    34
